 Dungeon Crawl Stone Soup version 0.29-a0-283-ga02f740833 (webtiles) character file.

Game seed: 14030514210245552345

5549 BlueGoblin the Spry (level 10, 0/55 HPs)
             Began as a Spriggan Monk on Mar 13, 2022.
             Was a High Priest of Dithmenos.
             Slain by an acid dragon (14 damage)
             ... on level 9 of the Dungeon.
             The game lasted 00:31:16 (15930 turns).

BlueGoblin the Spry (Spriggan Monk)                Turns: 15930, Time: 00:31:16

Health: 0/55       AC:  1    Str:  7    XL:     10   Next: 44%
Magic:  11/11      EV: 34    Int: 12    God:    Dithmenos [*****.]
Gold:   539        SH:  0    Dex: 22    Spells: 9/9 levels left

rFire   . . .      SeeInvis +   m - +0 spear (venom)
rCold   . . .      Faith    .   (no shield)
rNeg    . . .      Spirit   .   n - +0 steam dragon scales
rPois   .          Reflect  +   (helmet restricted)
rElec   .          Harm     .   (no cloak)
rCorr   .          Rampage  .   (gloves unavailable)
Will    +....                   (boots unavailable)
Stlth   ++........              l - amulet of reflection
HPRegen 0.18/turn               (no ring)
MPRegen 0.12/turn               (no ring)

@: confused, ambrosia-drunk, corroded, wreathed by umbra, very quick
A: very small, no large weapons, unfitting armour, see invisible, speed 3
a: Renounce Religion, Shadow Step, Shadow Form


You were on level 9 of the Dungeon.
You worshipped Dithmenos.
Dithmenos was extremely pleased with you.
You visited 1 branch of the dungeon, and saw 10 of its levels.

You collected 539 gold pieces.

Inventory:

Hand Weapons
 a - a +0 short sword of holy wrath
 b - a +2 short sword
 c - a +1 falchion of electrocution
 m - a +0 spear of venom (weapon)
Missiles
 j - a curare-tipped dart
 p - 5 poisoned darts
Armour
 h - a +1 robe
 n - +0 steam dragon scales (worn)
Jewellery
 l - an amulet of reflection (around neck)
 o - a ring of ice
 r - a +6 ring of intelligence
Wands
 s - a wand of iceblast (8)
 t - a wand of flame (3)
Scrolls
 e - a scroll of enchant armour
 g - 3 scrolls of teleportation
 k - 9 scrolls of identify
 q - a scroll of holy word {unknown}
 u - a scroll of enchant weapon {unknown}


   Skills:
 + Level 7.5 Fighting
 - Level 3.2 Short Blades
 + Level 17.1 Dodging
 - Level 3.0 Stealth


You had 9 spell levels left.
You didn't know any spells.
Your spell library contained the following spells:

 Spells                   Type           Power      Damage    Failure   Level
 Ensorcelled Hibernation  Hex/Ice        0%         N/A       45%         2
 Static Discharge         Conj/Air       0%         N/A       45%         2
 Spider Form              Tmut/Pois      0%         N/A       69%         3
 Anguish                  Hex/Necr       0%         N/A       97%         4
 Lightning Bolt           Conj/Air       0%         1d11      100%        5
 Maxwell's Capacitive Co  Air            0%         ∞         100%        8


Dungeon Overview and Level Annotations

Branches:
Dungeon (10/15)            Temple (0/1) D:7
   Lair: D:8-11         Orc: D:9-12

Altars:
Dithmenos
Elyvilon
Fedhas
Makhleb
Vehumet
Xom
Zin
Beogh

Shops:
D:3 **   D:8 **

Annotations:
D:6 5 runed translucent doors
D:7 3 runed translucent doors, CryoSword's ghost, novice TrBe


Innate Abilities, Weirdness & Mutations

You are very small and have problems with some larger weapons.
You are too small for most types of armour.
You have supernaturally acute eyesight. (SInv)
You cover ground extremely quickly. (Speed+++)


Message History

Dithmenos accepts your kill.
You barely miss the orc. The orc barely misses you.
The orc completely misses you.
You hit the orc but do no damage.
The orc is poisoned.
The orc completely misses you. x2
You hit the orc.
You kill the orc!
Dithmenos accepts your kill. The orc closely misses you.
You hit the orc but do no damage.
The orc is poisoned.
You block the orc's attack.
You hit the orc but do no damage.
The orc looks as sick as possible!
The orc completely misses you.
The acid dragon roars!
You hit the orc but do no damage.
The orc looks as sick as possible!
The orc is severely wounded.
You kill the orc!
Dithmenos accepts your kill.
You hit the acid dragon but do no damage.
The acid dragon spits acid at you. The splash of acid hits you!
The acid corrodes you!
You are too injured to fight recklessly!
Unknown command.
You are too injured to fight recklessly!
Okay, then.
Unknown command.
Unknown command.
You are confused.
You feel invigorated. The acid dragon completely misses you.
The acid dragon claws you.
You are too injured to fight recklessly!
You are too injured to fight recklessly!
The acid dragon completely misses you. The acid dragon misses you.
The acid dragon spits acid at you. The splash of acid hits you!!
Ouch! That really hurt!
* * * LOW HITPOINT WARNING * * *
You emit a cloud of dark smoke.
You miss the acid dragon. The acid dragon bites you!
You die...

#F...#
#.♣.....♣.....#
#$...#
#...♣.♣.......O
.....# .♣ ♣.......
#....####. ......
##........ ......
.....#..# ......
#####...#..#
#####.
#..<...##§.# #.
##+#....§@D#
#........§§#
+.......§§§#
#........†.#
#..........#
#.........))_....$
#...##############
####


You could see an acid dragon (catching breath).

Vanquished Creatures
  A hornet (D:8)
  5 yaks
  Eustachio (D:3)
  A steam dragon (D:7)
  Edmund (D:3)
  4 water moccasins
  A black bear (D:4)
  4 ice beasts
  3 orc warriors
  2 ogres (D:5)
  3 phantoms
  3 bullfrogs
  4 necrophages
  A kobold brigand (D:8)
  2 gnoll sergeants
  4 scorpions
  7 wights
  6 killer bees (D:7)
  2 howler monkeys (D:5)
  5 jellies
  8 hounds
  A gnoll shaman (D:5)
  An orc priest (D:9)
  5 orc wizards
  2 iguanas
  Ijyb (D:4)
  26 gnolls
  4 adders
  2 shadow imps (D:6)
  A white imp (D:6)
  An ufetubus (D:4)
  2 worms (D:4)
  A dart slug (D:4)
  52 orcs
  6 bats
  8 endoplasms
  A giant cockroach (D:4)
  7 goblins
  7 hobgoblins
  18 jackals
  2 quokkas
  3 ball pythons
  3 frilled lizards
  12 kobolds
  5 rats
239 creatures vanquished.

Vanquished Creatures (others)
  A howler monkey (D:4)
  An orc (D:4)
  2 plants (D:5)
4 creatures vanquished.

Grand Total: 243 creatures vanquished

Notes
Turn   | Place    | Note
-------+----------+-------------------------------------------
     0 | D:1      | BlueGoblin the Spriggan Monk began the quest for the Orb.
     0 | D:1      | Reached XP level 1. HP: 11/11 MP: 2/2
   399 | D:1      | Reached XP level 2. HP: 12/16 MP: 3/3
   658 | D:1      | Reached skill level 5 in Dodging
  1749 | D:2      | Reached XP level 3. HP: 19/19 MP: 4/4
  1921 | D:2      | You fall into a shaft and drop 2 floors!
  1924 | D:4      | Reached skill level 6 in Dodging
  1924 | D:4      | Reached XP level 4. HP: 17/23 MP: 5/5
  2146 | D:4      | Noticed Edmund
  2146 | D:4      | Noticed a scorpion
  2169 | D:4      | Noticed a necrophage
  2235 | D:4      | Found a shadowy altar of Dithmenos.
  2240 | D:4      | Became a worshipper of Dithmenos the Shadowed
  2240 | D:4      | Reached * piety under Dithmenos
  2240 | D:4      | Reached ** piety under Dithmenos
  2613 | D:3      | Found Reagefasch's General Store.
  2615 | D:3      | Noticed a bullfrog
  2625 | D:3      | Killed a bullfrog
  2626 | D:3      | Reached skill level 7 in Dodging
  2626 | D:3      | Reached XP level 5. HP: 28/28 MP: 6/6
  2728 | D:3      | Found a white marble altar of Elyvilon.
  2767 | D:3      | Found Heyluasohu's General Store.
  2828 | D:3      | Found a blossoming altar of Fedhas.
  3285 | D:3      | Noticed a phantom
  3286 | D:3      | Found a shimmering altar of Xom.
  3286 | D:3      | Found a shimmering altar of Xom.
  3286 | D:3      | Found a shimmering altar of Xom.
  3288 | D:3      | Found a shimmering altar of Xom.
  3320 | D:3      | Reached skill level 8 in Dodging
  3354 | D:3      | Killed a phantom
  3355 | D:3      | Reached XP level 6. HP: 15/32 MP: 7/7
  3657 | D:4      | Noticed Eustachio
  4014 | D:4      | Reached skill level 9 in Dodging
  4036 | D:4      | HP: 1/33 [orc/+0 trident (2)]
  4384 | D:3      | Reached XP level 7. HP: 37/37 MP: 8/8
  5687 | D:5      | Entered Level 5 of the Dungeon
  5770 | D:4      | Reached skill level 10 in Dodging
  5772 | D:4      | Reached *** piety under Dithmenos
  5941 | D:5      | Found a radiant altar of Vehumet.
  6533 | D:5      | Reached skill level 11 in Dodging
  6533 | D:5      | Reached XP level 8. HP: 36/42 MP: 9/9
  6581 | D:5      | Noticed Ijyb
  6584 | D:5      | Paralysed by Ijyb for 2 turns
  6715 | D:4      | Killed Ijyb
  6918 | D:5      | Reached skill level 5 in Fighting
  7513 | D:5      | Found a burning altar of Makhleb.
  7526 | D:5      | Reached skill level 12 in Dodging
  9148 | D:3      | HP: 2/44 [Edmund/+2 flail of protection (7)]
  9558 | D:3      | Killed Eustachio
  9559 | D:3      | Reached skill level 13 in Dodging
 10405 | D:3      | Killed Edmund
 10406 | D:3      | Reached XP level 9. HP: 36/48 MP: 10/10
 10630 | D:5      | Reached **** piety under Dithmenos
 11065 | D:6      | Found the +9 staff of Olgreb {rPois∞}
 11090 | D:6      | Found a runed translucent door.
 11094 | D:6      | Found a runed translucent gate.
 11096 | D:6      | Found a runed translucent gate.
 11105 | D:6      | Found a runed translucent gate.
 11107 | D:6      | Found a runed translucent door.
 11173 | D:6      | Reached skill level 14 in Dodging
 12070 | D:6      | Reached skill level 15 in Dodging
 12794 | D:7      | Found a runed translucent gate.
 12794 | D:7      | Found a runed translucent gate.
 12795 | D:7      | Found a runed translucent gate.
 12797 | D:7      | Noticed CryoSword's ghost (novice TrBe)
 13139 | D:7      | Found a staircase to the Ecumenical Temple.
 13749 | D:7      | Reached XP level 10. HP: 54/55 MP: 11/11
 13925 | D:7      | Reached skill level 16 in Dodging
 14339 | D:8      | Found Qymooh's General Store.
 14342 | D:8      | Found Nianit's Specific Store.
 14440 | D:8      | Reached ***** piety under Dithmenos
 15124 | D:10     | Entered Level 10 of the Dungeon
 15323 | D:9      | Noticed a two-headed ogre
 15339 | D:9      | Found a glowing silver altar of Zin.
 15855 | D:9      | Reached skill level 17 in Dodging
 15930 | D:9      | Slain by an acid dragon

Illustrated notes

Levels and vault maps discovered:
D:1:      dpeg_arrival_solitude, layout_basic, minmay_misc_feat_nine_boxes
D:2:      layout_loops_corners, serial_shops, nicolae_shop_advertising_works
          [nicolae_subvault_shop_adworks], ebering_ecumenical_altar_webs,
          uniq_robin
D:3:      layout_loops_ring, xom_redecorated, mainiacjoe_overflow_24_doors,
          fedhas_altar_fruit_tree, serial_shops, nicolae_shop_statue_plus,
          nicolae_shop_trees, st_stairs_1
D:4:      layout_basic, kennysheep_little_box, portal_sewer_entry_e,
          kennysheep_generic_room_3, uniq_eustachio, uniq_edmund
D:5:      lemuel_castle_with_subvaults [lemuel_castle_interior_carwin_2],
          layout_cave_pools, lightli_temple_of_fire, vehumet_crystals, uniq_ijyb
D:6:      layout_basic, minmay_guarded_unrand_staff_of_olgreb
D:7:      layout_loops_ring, minmay_temple_entry_ruins,
          biasface_ghost_orc_armoury
D:8:      layout_rooms, enter_bailey_5, nicolae_specific_store
D:9:      layout_basic, mainiacjoe_overflow_small_starburst,
          chequers_temple_overflow_minitemple, special_room [special_room_orc],
          uniq_amaemon
D:10:     hangedman_cross_veins, layout_basic

Skill      XL: |  1  2  3  4  5  6  7  8  9 10 |
---------------+-------------------------------+-----
Dodging        | 5 6 7 8 9 11 13 15 17 | 17.1
Fighting       | 3 4 6 7 |  7.5
Short Blades   | |  3.2
Stealth        | |  3.0

Action                   |  1- 3 |  4- 6 |  7- 9 | 10-12 || total
-------------------------+-------+-------+-------+-------++-------
Melee: Short sword       |   106 |   185 |   617 |     5 ||   913
       Punch             |     3 |     5 |    18 |     9 ||    35
       Falchion          |       |       |   173 |    11 ||   184
       Spear             |       |       |    77 |   299 ||   376
Evoke: Wand              |       |     8 |     4 |       ||    12
  Use: Potion            |       |     4 |     3 |     3 ||    10
       Scroll            |       |     3 |     4 |     4 ||    11
 Stab: Sleeping          |     5 |    13 |     7 |     1 ||    26
       Distracted        |       |       |     1 |       ||     1
       Invisible         |       |       |       |     1 ||     1
Armor: Robe              |     7 |    11 |    33 |       ||    51
       Steam dragon scal |       |       |     4 |    15 ||    19
Dodge: Dodged            |    85 |   212 |   930 |   403 ||  1630
Block: Other             |       |    21 |   233 |    95 ||   349
       Reflection        |       |       |     1 |     2 ||     3

Table legend: (Time is in decaauts)
 A = Elapsed time spent in this place.
 B = Non-inter-level travel time spent in this place.
 C = Inter-level travel time spent in this place.
 D = Time resting spent in this place.
 E = Time spent auto-exploring this place.
 F = Levels seen in this place.
 G = Mean time per level.
                   A        B        C        D        E       F      G
               +--------+--------+--------+--------+--------+-----+--------+
         Total |  13141 |  12499 |    642 |   4300 |   5023 |  10 | 1314.1 |
       Dungeon |  13141 |  12499 |    642 |   4300 |   5023 |  10 | 1314.1 |
               +--------+--------+--------+--------+--------+-----+--------+

Top non-repeatable levels by time:
     D:4: 3097 daAuts
     D:3: 2882 daAuts
     D:5: 2004 daAuts
     D:1: 1100 daAuts
     D:7: 1064 daAuts
     D:6: 1031 daAuts
     D:8: 978 daAuts
     D:2: 421 daAuts
     D:9: 398 daAuts
    D:10: 163 daAuts
